 Dungeon Crawl Stone Soup version 0.18.1-48-g4cf74bf (webtiles) character file.

116 Nahar the Shield-Bearer (level 4, -9/42 HPs)
             Began as a Deep Dwarf Fighter on Aug 18, 2016.
             Killed by divine providence
             ... invoked by an orc priest
              (11 damage)
             ... on level 3 of the Dungeon.
             The game lasted 00:13:17 (1847 turns).

Nahar the Shield-Bearer (Deep Dwarf Fighter)        Turns: 1847, Time: 00:13:17

Health: -9/42      AC:  8    Str: 21    XL:     4   Next: 70%
Magic:  4/4        EV:  8    Int:  8    God:
Gold:   125        SH:  0    Dex: 12    Spells: 0 memorised, 3 levels left

rFire  . . .     SeeInvis .     k - +1 hand axe (elec)
rCold  . . .     Gourm    .     b - +0 scale mail
rNeg   . . .     Faith    .     c - +0 shield
rPois  .         Spirit   .     (no helmet)
rElec  .         Dismiss  .     (no cloak)
rCorr  .         Reflect  .     (no gloves)
SustAt .         Harm     .     g - +0 pair of boots
MR     .....                    (no amulet)
Stlth  ..........               (no ring)
                                (no ring)

@: confused, non-regenerating, not resistant to hostile enchantments, extremely
unstealthy
A: damage resistance, recharge devices, sense surroundings 1, slow regeneration
3
a: Device Recharging


You were on level 3 of the Dungeon.
You were not hungry.

You visited 1 branch of the dungeon, and saw 3 of its levels.

You collected 125 gold pieces.

Inventory:

Hand Weapons
 a - a +1 war axe
 k - a +1 hand axe of electrocution (weapon)
Armour
 b - a +0 scale mail (worn)
 c - a +0 shield (worn)
 g - a +0 pair of boots (worn)
Wands
 e - a wand of heal wounds (0/9)
Scrolls
 i - 2 scrolls of identify
 l - a scroll of remove curse
Potions
 d - a potion of might
 h - a potion of lignification
 j - a potion of curing {unknown}
 m - a potion of ambrosia {unknown}
Comestibles
 f - 2 bread rations
 n - a beef jerky
 o - a meat ration
 p - a fruit


   Skills:
 + Level 3.3 Fighting
 + Level 2.9 Axes
 + Level 3.7 Armour
 + Level 1.9 Dodging
 + Level 4.2 Shields


You had 3 spell levels left.
You didn't know any spells.

Dungeon Overview and Level Annotations

Branches:
Dungeon (3/15)

Altars:


Innate Abilities, Weirdness & Mutations

You are resistant to damage.
You can recharge devices by infusing magical energy.
You passively map a small area around you.
You do not regenerate naturally.


Message History

Press: ? - help, Shift-Dir - straight line, f - you Nothing appears to happen.
This wand has 0 charges left.
The orc priest casts a cantrip, but nothing happens.
Something hits you but does no damage.
You bump into the rock wall.
You hear some strange, mumbled words.
You are more confused.
You bump into the rock wall.
Something hits you but does no damage.
You bump into the rock wall.
Something hits you.
* * * LOW HITPOINT WARNING * * *
You completely miss something.
The orc priest miscasts a cantrip.
Something hits you but does no damage.
You bump into the rock wall.
You hear some strange, mumbled words.
Something tries to affect you, but you resist.
You bump into the rock wall.
The orc priest calls down the wrath of Beogh upon you.
Beogh smites you!
You die...

###########
#...).....#
#.#######.# #.# #@#
### #.# #{# ..# #.#
#o# ** #.# #.# ,.oo
#.# ###.###.# #.# ,
#.####..†....# #.#
,
...†..............,
* *
....##.#.#######.#
.......#.# * ,


You could see an orc priest and 2 orcs.

Vanquished Creatures
  An orc priest (D:3)
  An adder (D:3)
  3 worms
  2 giant geckos (D:2)
  11 orcs (D:3)
  5 bats
  3 giant cockroaches
  7 goblins
  3 hobgoblins
  3 quokkas
  2 ball pythons
  2 giant newts
  7 kobolds
  8 rats
58 creatures vanquished.

Notes
Turn   | Place    | Note
--------------------------------------------------------------
     0 | D:1      | Nahar the Deep Dwarf Fighter began the quest for the Orb.
     0 | D:1      | Reached XP level 1. HP: 20/20 MP: 1/1
   377 | D:1      | Reached XP level 2. HP: 24/27 MP: 2/2
  1316 | D:2      | Reached XP level 3. HP: 29/33 MP: 3/3
  1356 | D:2      | Reached skill level 4 in Shields
  1394 | D:2      | Reached skill level 1 in Dodging
  1656 | D:3      | Reached XP level 4. HP: 24/42 MP: 4/4
  1844 | D:3      | HP: 2/42 [something (2)]
  1847 | D:3      | Killed from afar by an orc priest

Skill      XL: |  1  2  3 |
---------------+----------+-----
Shields        | 4 |  4.2
Dodging        | 1 |  1.9
Fighting       | 3 |  3.3
Axes           | |  2.9
Armour         | |  3.7

Action                   |  1- 3 |  4- 6 || total
-------------------------+-------+-------++-------
Melee: War axe           |    55 |       ||    55
       Hand axe          |    93 |    43 ||   136
Evoke: Wand              |       |     5 ||     5
  Use: Scroll            |     5 |       ||     5
  Eat: Bread ration      |     1 |       ||     1
       Fruit             |       |     2 ||     2
Armor: Scale mail        |    64 |    12 ||    76
Dodge: Dodged            |    38 |    13 ||    51
Block: Shield            |    59 |    14 ||    73
